[ AOE2 MATCH · #463201708 ]
UnrankedDravidians vs Huns
[ REPLAY ANALYSIS · EXTRACTED FROM THE RECORDED GAME ]
Feudal
15:29
Castle
22:40
Imperial
37:42
| APM avg | 20.9 |
| APM peak | 43 |
| eAPM avg | 11.1 |
| Villagers / military | 65 / 32 |
Focus
⚔️ 24.1% · 🌾 75.9%
Urumi Swordsman ×23 · Militia ×5 · Scout Cavalry ×2 · Armored Elephant ×1 · Mangonel ×1
Feudal
15:01
Castle
20:12
Imperial
35:26
| APM avg | 17.4 |
| APM peak | 37 |
| eAPM avg | 11.9 |
| Villagers / military | 68 / 51 |
Focus
⚔️ 14.4% · 🌾 85.6%
Huskarl ×31 · Knight ×19 · Mangonel ×1
Feudal
16:48
Castle
30:20
Imperial
38:52
| APM avg | 19.2 |
| APM peak | 35 |
| eAPM avg | 10.6 |
| Villagers / military | 66 / 33 |
Focus
⚔️ 19.0% · 🌾 81.0%
Militia ×18 · Konnik ×15
Feudal
15:16
Castle
—
Imperial
—
| APM avg | 12.0 |
| APM peak | 34 |
| eAPM avg | 5.1 |
| Villagers / military | 36 / 1 |
Focus
⚔️ 4.5% · 🌾 95.5%
Scout Cavalry ×1
Feudal
19:24
Castle
27:19
Imperial
—
| APM avg | 13.3 |
| APM peak | 27 |
| eAPM avg | 9.8 |
| Villagers / military | 81 / 68 |
Focus
⚔️ 23.9% · 🌾 76.1%
Archer ×66 · Scout Cavalry ×2
Feudal
27:52
Castle
—
Imperial
—
| APM avg | 5.3 |
| APM peak | 27 |
| eAPM avg | 3.5 |
| Villagers / military | 56 / 0 |
Focus
⚔️ 0.0% · 🌾 100.0%
Feudal
18:46
Castle
—
Imperial
—
| APM avg | 6.6 |
| APM peak | 28 |
| eAPM avg | 4.0 |
| Villagers / military | 29 / 3 |
Focus
⚔️ 20.5% · 🌾 79.5%
Militia ×3
Feudal
16:13
Castle
22:13
Imperial
—
| APM avg | 15.5 |
| APM peak | 44 |
| eAPM avg | 7.0 |
| Villagers / military | 47 / 13 |
Focus
⚔️ 13.8% · 🌾 86.2%
Steppe Lancer ×13
Match map
Initial resources + every placement click. Lines = walls · curves = elevation contours. ◆ gold · ⬟ stone · ● berries · ✦ relic · ◌ wall gap
Your base· Open — unwalled flank
pouny55's base· Open — unwalled flank
beulé's base· Open — unwalled flank
motoGP's base· Open — unwalled flank
Hélios's base· Open — unwalled flank
dnz's base· Open — unwalled flank
píno's base· Open — unwalled flank
m_brun's base· Open — unwalled flank
Smoothed initial terrain · ◌ = detected wall gap · hover for details
Inputs per minute
— rital - - pouny55
Build order — rital
First 150 of 198 actions detected
| 0:47 | Build | Town Center |
| 3:19 | Create | Villager (Male) |
| 3:20 | Create | Villager (Male) |
| 3:28 | Create | Villager (Male) |
| 3:28 | Create | Villager (Male) |
| 3:38 | Build | House |
| 3:55 | Build | House |
| 4:00 | Build | Palisade Gate |
| 4:47 | Research | Loom |
| 4:47 | Research | Loom |
| 4:49 | Create | Villager (Male) |
| 5:44 | Create | Villager (Male) |
| 6:10 | Create | Villager (Male) |
| 6:56 | Create | Villager (Male) |
| 7:30 | Build | House |
| 7:37 | Build | Outpost |
| 7:48 | Create | Villager (Male) |
| 8:15 | Create | Villager (Male) |
| 8:15 | Create | Villager (Male) |
| 8:15 | Create | Villager (Male) |
| 8:16 | Create | Villager (Male) |
| 8:16 | Create | Villager (Male) |
| 8:56 | Create | Villager (Male) |
| 9:07 | Build | Mill |
| 9:18 | Create | Villager (Male) |
| 9:31 | Build | House |
| 9:39 | Create | Villager (Male) |
| 10:04 | Create | Villager (Male) |
| 10:32 | Build | Palisade Gate |
| 10:35 | Create | Villager (Male) |
| 11:17 | Create | Villager (Male) |
| 11:25 | Create | Villager (Male) |
| 11:58 | Create | Villager (Male) |
| 12:22 | Build | Lumber Camp |
| 13:20 | Research | Feudal Age |
| 13:23 | Build | House |
| 13:46 | Build | Mill |
| 14:04 | Create | Villager (Male) |
| 14:17 | Build | Barracks |
| 14:20 | Build | House |
| 14:59 | Create | Villager (Male) |
| 15:01 | Create | Villager (Male) |
| 15:29 | Age | Feudal Age |
| 15:56 | Create | Villager (Male) |
| 16:11 | Build | Market |
| 16:14 | Build | House |
| 16:19 | Build | Blacksmith |
| 17:08 | Create | Villager (Male) |
| 17:10 | Create | Villager (Male) |
| 17:19 | Build | Farm |
| 17:19 | Build | Farm |
| 17:19 | Build | Farm |
| 17:20 | Build | Farm |
| 17:20 | Build | Farm |
| 17:24 | Research | Double-Bit Axe |
| 18:12 | Build | House |
| 18:22 | Build | Gate |
| 18:25 | Build | Palisade Wall |
| 18:25 | Build | Palisade Wall |
| 18:48 | Create | Villager (Male) |
| 19:12 | Create | Villager (Male) |
| 19:31 | Build | Barracks |
| 19:34 | Research | Man-at-Arms (upgrade) |
| 20:00 | Research | Castle Age |
| 20:01 | Research | Castle Age |
| 20:13 | Build | Mining Camp |
| 20:27 | Research | Horse Collar |
| 20:30 | Create | Villager (Male) |
| 20:30 | Create | Villager (Male) |
| 20:57 | Build | Lumber Camp |
| 20:59 | Build | Farm |
| 21:23 | Create | Villager (Male) |
| 21:27 | Create | Militia |
| 21:28 | Create | Militia |
| 21:34 | Create | Villager (Male) |
| 21:55 | Research | Stone Mining |
| 22:07 | Build | House |
| 22:10 | Create | Militia |
| 22:10 | Create | Militia |
| 22:40 | Age | Castle Age |
| 22:46 | Build | Town Center |
| 22:49 | Build | House |
| 23:21 | Research | Wheelbarrow |
| 23:28 | Build | Town Center |
| 23:33 | Build | House |
| 23:40 | Research | Long Swordsman (upgrade) |
| 24:05 | Build | Siege Workshop |
| 24:22 | Create | Villager (Male) |
| 24:28 | Build | House |
| 24:35 | Build | Mining Camp |
| 24:54 | Build | Farm |
| 25:24 | Build | Castle |
| 25:37 | Create | Armored Elephant |
| 25:45 | Create | Villager (Male) |
| 25:45 | Create | Villager (Male) |
| 25:49 | Create | Villager (Male) |
| 25:50 | Create | Villager (Male) |
| 25:55 | Build | Farm |
| 25:56 | Build | Farm |
| 25:56 | Build | Farm |
| 25:56 | Build | Farm |
| 25:57 | Build | Farm |
| 26:11 | Create | Villager (Male) |
| 26:30 | Build | Farm |
| 26:34 | Create | Villager (Male) |
| 26:41 | Build | House |
| 26:48 | Create | Mangonel |
| 26:52 | Create | Militia |
| 26:57 | Create | Villager (Male) |
| 27:17 | Build | Mining Camp |
| 27:24 | Create | Urumi Swordsman |
| 27:24 | Create | Urumi Swordsman |
| 27:34 | Build | Mill |
| 27:45 | Build | House |
| 27:48 | Research | Squires |
| 27:52 | Research | Scale Mail Armor |
| 27:59 | Build | Farm |
| 28:48 | Create | Urumi Swordsman |
| 28:49 | Create | Urumi Swordsman |
| 28:51 | Create | Villager (Male) |
| 28:56 | Build | Farm |
| 28:56 | Build | Farm |
| 28:57 | Build | Farm |
| 29:23 | Create | Urumi Swordsman |
| 29:28 | Create | Villager (Male) |
| 29:56 | Create | Urumi Swordsman |
| 29:56 | Create | Urumi Swordsman |
| 29:56 | Create | Urumi Swordsman |
| 30:20 | Create | Villager (Male) |
| 30:24 | Create | Urumi Swordsman |
| 30:24 | Create | Urumi Swordsman |
| 30:26 | Create | Villager (Male) |
| 31:30 | Create | Urumi Swordsman |
| 31:30 | Create | Urumi Swordsman |
| 31:30 | Create | Urumi Swordsman |
| 31:38 | Build | House |
| 31:38 | Build | House |
| 31:38 | Build | House |
| 31:39 | Build | House |
| 31:39 | Build | House |
| 31:40 | Build | House |
| 31:41 | Create | Villager (Male) |
| 31:41 | Create | Villager (Male) |
| 31:42 | Create | Villager (Male) |
| 31:42 | Create | Villager (Male) |
| 31:42 | Create | Villager (Male) |
| 31:43 | Create | Villager (Male) |
| 31:53 | Build | Farm |
| 31:54 | Build | Farm |
| 31:54 | Build | Farm |
Build order — pouny55
First 150 of 174 actions detected
| 0:27 | Build | House |
| 0:57 | Build | Town Center |
| 1:10 | Build | House |
| 1:18 | Build | House |
| 3:54 | Research | Loom |
| 3:54 | Create | Villager (Male) |
| 3:55 | Create | Villager (Male) |
| 3:55 | Create | Villager (Male) |
| 3:55 | Create | Villager (Male) |
| 4:03 | Build | Mill |
| 5:06 | Create | Villager (Male) |
| 6:05 | Create | Villager (Male) |
| 6:06 | Create | Villager (Male) |
| 6:39 | Create | Villager (Male) |
| 6:40 | Create | Villager (Male) |
| 7:28 | Create | Villager (Male) |
| 7:29 | Create | Villager (Male) |
| 7:29 | Create | Villager (Male) |
| 8:08 | Create | Villager (Male) |
| 8:08 | Create | Villager (Male) |
| 9:31 | Create | Villager (Male) |
| 9:59 | Create | Villager (Male) |
| 10:03 | Build | House |
| 10:19 | Create | Villager (Male) |
| 10:20 | Create | Villager (Male) |
| 10:34 | Create | Villager (Male) |
| 10:55 | Create | Villager (Male) |
| 10:55 | Create | Villager (Male) |
| 10:56 | Create | Villager (Male) |
| 10:56 | Create | Villager (Male) |
| 11:38 | Build | Lumber Camp |
| 12:19 | Build | House |
| 12:21 | Create | Villager (Male) |
| 12:48 | Build | House |
| 12:51 | Research | Feudal Age |
| 13:26 | Build | Mill |
| 13:47 | Create | Villager (Male) |
| 13:47 | Create | Villager (Male) |
| 13:55 | Build | House |
| 14:01 | Build | House |
| 14:43 | Create | Villager (Male) |
| 15:01 | Age | Feudal Age |
| 15:04 | Build | Market |
| 15:07 | Build | Blacksmith |
| 15:17 | Create | Villager (Male) |
| 15:17 | Create | Villager (Male) |
| 16:07 | Build | Mill |
| 16:14 | Create | Villager (Male) |
| 16:45 | Build | Farm |
| 17:32 | Research | Castle Age |
| 17:45 | Build | Barracks |
| 17:58 | Research | Forging |
| 18:44 | Build | Farm |
| 18:50 | Create | Villager (Male) |
| 18:50 | Create | Villager (Male) |
| 18:56 | Research | Horse Collar |
| 19:04 | Build | Farm |
| 19:24 | Build | Mill |
| 19:32 | Create | Villager (Male) |
| 19:33 | Create | Villager (Male) |
| 19:34 | Create | Villager (Male) |
| 19:53 | Build | Stable |
| 20:12 | Age | Castle Age |
| 20:19 | Research | Double-Bit Axe |
| 20:53 | Create | Knight |
| 20:53 | Create | Knight |
| 20:53 | Create | Knight |
| 21:21 | Research | Wheelbarrow |
| 21:33 | Build | Town Center |
| 21:53 | Build | Castle |
| 22:02 | Create | Knight |
| 22:40 | Create | Villager (Male) |
| 22:40 | Create | Villager (Male) |
| 22:44 | Build | Farm |
| 22:46 | Build | Farm |
| 22:48 | Build | Farm |
| 22:48 | Build | Farm |
| 22:50 | Create | Villager (Male) |
| 22:51 | Create | Villager (Male) |
| 23:39 | Build | Siege Workshop |
| 24:07 | Research | Bow Saw |
| 24:09 | Create | Villager (Male) |
| 24:32 | Build | Town Center |
| 24:45 | Build | Farm |
| 24:47 | Create | Villager (Male) |
| 24:47 | Create | Villager (Male) |
| 25:01 | Create | Mangonel |
| 25:10 | Create | Huskarl |
| 25:26 | Build | Farm |
| 25:27 | Build | Farm |
| 25:28 | Build | Farm |
| 25:30 | Build | Farm |
| 25:31 | Create | Villager (Male) |
| 25:36 | Build | Farm |
| 25:37 | Build | Farm |
| 26:05 | Build | Farm |
| 26:07 | Build | Farm |
| 26:07 | Build | Farm |
| 26:09 | Build | Farm |
| 26:19 | Build | Farm |
| 26:20 | Build | Farm |
| 26:22 | Create | Villager (Male) |
| 26:22 | Create | Villager (Male) |
| 26:22 | Create | Villager (Male) |
| 26:41 | Build | Farm |
| 26:42 | Build | Farm |
| 26:43 | Create | Villager (Male) |
| 26:44 | Create | Villager (Male) |
| 27:09 | Create | Villager (Male) |
| 27:17 | Create | Villager (Male) |
| 27:18 | Create | Villager (Male) |
| 27:23 | Build | Lumber Camp |
| 27:34 | Create | Villager (Male) |
| 27:34 | Create | Villager (Male) |
| 27:45 | Build | Farm |
| 27:46 | Build | Farm |
| 27:47 | Build | Farm |
| 27:48 | Build | Farm |
| 27:50 | Build | Farm |
| 27:52 | Create | Villager (Male) |
| 27:52 | Create | Villager (Male) |
| 28:04 | Build | Farm |
| 28:06 | Create | Villager (Male) |
| 28:07 | Create | Villager (Male) |
| 28:07 | Create | Villager (Male) |
| 28:13 | Build | Farm |
| 28:16 | Create | Villager (Male) |
| 28:44 | Build | Farm |
| 28:46 | Research | Heavy Plow |
| 28:56 | Create | Villager (Male) |
| 28:57 | Create | Villager (Male) |
| 29:04 | Create | Villager (Male) |
| 29:04 | Create | Villager (Male) |
| 29:11 | Build | Farm |
| 29:32 | Build | Farm |
| 29:33 | Build | Farm |
| 29:34 | Create | Villager (Male) |
| 29:35 | Create | Villager (Male) |
| 29:35 | Create | Villager (Male) |
| 29:41 | Build | Farm |
| 29:42 | Build | Farm |
| 29:43 | Build | Farm |
| 29:44 | Build | Farm |
| 29:47 | Build | Farm |
| 29:48 | Build | Farm |
| 29:51 | Create | Villager (Male) |
| 30:11 | Build | Farm |
| 30:14 | Research | Hand Cart |
| 30:18 | Create | Huskarl ×3 |
| 30:39 | Create | Huskarl |
Build order — beulé
First 150 of 183 actions detected
| 1:27 | Build | Town Center |
| 2:47 | Build | House |
| 3:33 | Build | House |
| 3:44 | Research | Loom |
| 3:44 | Create | Villager (Male) |
| 3:45 | Create | Villager (Male) |
| 4:12 | Create | Villager (Male) |
| 4:12 | Create | Villager (Male) |
| 6:19 | Create | Villager (Male) |
| 6:19 | Create | Villager (Male) |
| 6:23 | Create | Villager (Male) |
| 6:23 | Create | Villager (Male) |
| 7:12 | Create | Villager (Male) |
| 7:12 | Create | Villager (Male) |
| 7:59 | Create | Villager (Male) |
| 7:59 | Create | Villager (Male) |
| 7:59 | Create | Villager (Male) |
| 8:00 | Create | Villager (Male) |
| 8:14 | Build | House |
| 8:29 | Create | Villager (Male) |
| 8:29 | Create | Villager (Male) |
| 8:54 | Create | Villager (Male) |
| 9:17 | Create | Villager (Male) |
| 9:17 | Create | Villager (Male) |
| 9:17 | Create | Villager (Male) |
| 10:01 | Create | Villager (Male) |
| 10:02 | Create | Villager (Male) |
| 11:16 | Create | Villager (Male) |
| 11:16 | Create | Villager (Male) |
| 11:42 | Build | Mill |
| 12:15 | Create | Villager (Male) |
| 12:18 | Build | House |
| 12:30 | Create | Villager (Male) |
| 12:31 | Create | Villager (Male) |
| 12:44 | Build | House |
| 12:44 | Build | House |
| 13:04 | Create | Villager (Male) |
| 13:13 | Build | Lumber Camp |
| 13:16 | Create | Villager (Male) |
| 13:29 | Build | Mill |
| 13:32 | Create | Villager (Male) |
| 13:52 | Create | Villager (Male) |
| 13:52 | Create | Villager (Male) |
| 14:04 | Create | Villager (Male) |
| 14:04 | Create | Villager (Male) |
| 14:13 | Research | Feudal Age |
| 14:45 | Build | Mining Camp |
| 15:20 | Build | House |
| 16:10 | Build | Barracks |
| 16:24 | Create | Villager (Male) |
| 16:34 | Create | Villager (Male) |
| 16:48 | Age | Feudal Age |
| 16:55 | Build | Blacksmith |
| 17:05 | Research | Double-Bit Axe |
| 17:08 | Create | Villager (Male) |
| 17:12 | Research | Town Watch |
| 17:12 | Create | Villager (Male) |
| 17:12 | Create | Villager (Male) |
| 17:24 | Create | Militia ×5 |
| 17:30 | Build | House |
| 17:35 | Research | Forging |
| 17:37 | Research | Scale Mail Armor |
| 17:40 | Create | Villager (Male) |
| 17:40 | Create | Villager (Male) |
| 18:00 | Create | Militia |
| 18:17 | Create | Militia |
| 18:28 | Create | Militia |
| 18:32 | Create | Villager (Male) |
| 18:48 | Create | Militia |
| 18:50 | Create | Villager (Male) |
| 18:51 | Create | Villager (Male) |
| 18:57 | Build | Watch Tower |
| 19:11 | Create | Militia |
| 19:28 | Research | Horse Collar |
| 20:10 | Build | Barracks |
| 20:27 | Build | Market |
| 20:48 | Create | Militia |
| 20:59 | Create | Villager (Male) |
| 21:18 | Build | Farm |
| 21:19 | Build | Farm |
| 21:20 | Build | Farm |
| 21:20 | Build | Farm |
| 21:20 | Build | Farm |
| 21:20 | Build | Farm |
| 21:22 | Create | Villager (Male) |
| 22:11 | Build | Farm |
| 22:11 | Build | Farm |
| 22:12 | Build | Farm |
| 22:12 | Build | Farm |
| 22:12 | Build | Farm |
| 22:12 | Build | Farm |
| 22:12 | Build | Farm |
| 22:13 | Build | Farm |
| 22:13 | Build | Farm |
| 22:14 | Build | Farm |
| 22:14 | Build | Farm |
| 22:14 | Build | Farm |
| 22:14 | Build | Farm |
| 22:15 | Build | Farm |
| 22:15 | Build | Farm |
| 22:15 | Build | Farm |
| 23:05 | Build | Mill |
| 23:08 | Build | Farm |
| 23:08 | Build | Farm |
| 23:08 | Build | Farm |
| 23:08 | Build | Farm |
| 23:09 | Build | Farm |
| 23:09 | Build | Farm |
| 23:09 | Build | Farm |
| 23:09 | Build | Farm |
| 23:10 | Build | Farm |
| 23:10 | Build | Farm |
| 23:11 | Build | Farm |
| 23:15 | Create | Villager (Male) |
| 23:19 | Research | Wheelbarrow |
| 23:55 | Build | Farm |
| 23:55 | Build | Farm |
| 23:55 | Build | Farm |
| 23:55 | Build | Farm |
| 23:55 | Build | Farm |
| 23:56 | Build | Farm |
| 23:56 | Build | Farm |
| 23:57 | Build | Farm |
| 23:57 | Build | Farm |
| 24:07 | Build | House |
| 24:08 | Build | House |
| 24:08 | Build | House |
| 24:09 | Build | House |
| 24:10 | Build | House |
| 24:10 | Build | House |
| 24:11 | Build | House |
| 24:11 | Build | House |
| 24:11 | Build | House |
| 24:11 | Build | House |
| 24:11 | Build | House |
| 24:12 | Build | House |
| 25:02 | Create | Villager (Male) |
| 25:49 | Build | Mining Camp |
| 25:51 | Build | House |
| 25:51 | Build | House |
| 26:14 | Create | Militia |
| 26:14 | Create | Militia |
| 27:40 | Research | Castle Age |
| 27:51 | Research | Stone Mining |
| 27:55 | Research | Gold Mining |
| 27:58 | Create | Militia |
| 27:58 | Create | Militia |
| 28:58 | Create | Militia |
| 28:58 | Create | Militia |
| 30:06 | Create | Villager (Male) |
Build order — motoGP
71 actions detected in the replay
| 2:03 | Build | Town Center |
| 3:22 | Build | House |
| 4:16 | Create | Villager (Male) |
| 4:16 | Create | Villager (Male) |
| 4:17 | Create | Villager (Male) |
| 4:17 | Create | Villager (Male) |
| 4:59 | Build | House |
| 5:34 | Build | House |
| 5:47 | Create | Villager (Male) |
| 6:08 | Create | Villager (Male) |
| 6:19 | Build | House |
| 7:08 | Create | Villager (Male) |
| 7:08 | Create | Villager (Male) |
| 8:52 | Create | Villager (Male) |
| 8:52 | Create | Villager (Male) |
| 8:53 | Create | Villager (Male) |
| 8:53 | Create | Villager (Male) |
| 9:49 | Create | Villager (Male) |
| 10:18 | Create | Villager (Male) |
| 11:44 | Create | Villager (Male) |
| 11:45 | Create | Villager (Male) |
| 11:47 | Create | Villager (Male) |
| 13:06 | Research | Feudal Age |
| 13:56 | Build | Mill |
| 14:42 | Build | Farm |
| 15:00 | Build | Farm |
| 15:06 | Build | Farm |
| 15:11 | Build | Farm |
| 15:16 | Age | Feudal Age |
| 15:17 | Build | Farm |
| 15:23 | Create | Villager (Male) |
| 15:23 | Create | Villager (Male) |
| 15:24 | Create | Villager (Male) |
| 15:25 | Create | Villager (Male) |
| 15:47 | Build | Farm |
| 15:58 | Build | Farm |
| 16:08 | Build | Mining Camp |
| 16:50 | Create | Villager (Male) |
| 16:51 | Create | Villager (Male) |
| 16:54 | Create | Villager (Male) |
| 17:35 | Build | Stable |
| 18:00 | Build | Farm |
| 18:20 | Build | House |
| 18:25 | Create | Scout Cavalry |
| 18:44 | Build | House |
| 19:12 | Build | House |
| 19:43 | Create | Villager (Male) |
| 19:44 | Create | Villager (Male) |
| 19:44 | Create | Villager (Male) |
| 19:45 | Create | Villager (Male) |
| 19:59 | Build | House |
| 20:11 | Build | Farm |
| 20:24 | Build | Mining Camp |
| 20:43 | Build | Blacksmith |
| 20:51 | Research | Stone Mining |
| 21:24 | Research | Gold Mining |
| 21:46 | Create | Villager (Male) |
| 21:47 | Create | Villager (Male) |
| 22:42 | Build | Farm |
| 23:08 | Build | Farm |
| 23:58 | Create | Villager (Male) |
| 23:59 | Create | Villager (Male) |
| 25:17 | Research | Scale Barding Armor |
| 27:49 | Build | Town Center |
| 28:47 | Create | Villager (Male) |
| 28:48 | Create | Villager (Male) |
| 28:49 | Create | Villager (Male) |
| 30:03 | Create | Villager (Male) |
| 30:26 | Build | Farm |
| 30:39 | Build | Farm |
| 30:54 | Build | Farm |
Build order — Hélios
First 150 of 232 actions detected
| 0:50 | Build | House |
| 3:48 | Build | Town Center |
| 5:56 | Research | Loom |
| 5:56 | Create | Villager (Male) ×4 |
| 6:51 | Build | House |
| 6:53 | Build | House |
| 6:53 | Build | House |
| 7:00 | Build | Palisade Wall |
| 7:16 | Build | Mill |
| 7:45 | Create | Villager (Male) |
| 8:27 | Create | Villager (Male) |
| 8:53 | Create | Villager (Male) |
| 9:13 | Create | Villager (Male) |
| 9:38 | Create | Villager (Male) |
| 9:53 | Create | Villager (Male) |
| 10:15 | Create | Villager (Male) |
| 10:44 | Create | Villager (Male) |
| 11:16 | Create | Villager (Male) |
| 11:16 | Create | Villager (Male) |
| 11:29 | Build | Lumber Camp |
| 11:53 | Create | Villager (Male) |
| 11:53 | Create | Villager (Male) |
| 12:25 | Create | Villager (Male) |
| 12:49 | Create | Villager (Male) |
| 13:17 | Create | Villager (Male) |
| 13:17 | Create | Villager (Male) |
| 14:27 | Build | Mining Camp |
| 14:29 | Create | Villager (Male) |
| 14:29 | Create | Villager (Male) |
| 14:50 | Build | House |
| 14:51 | Build | House |
| 14:52 | Build | House |
| 14:54 | Build | House |
| 14:55 | Build | House |
| 14:56 | Build | House |
| 15:03 | Create | Villager (Male) |
| 15:20 | Create | Villager (Male) |
| 15:37 | Create | Villager (Male) |
| 15:37 | Create | Villager (Male) |
| 16:46 | Research | Feudal Age |
| 17:08 | Build | Mining Camp |
| 17:19 | Build | Palisade Wall |
| 17:22 | Build | Palisade Wall |
| 17:24 | Build | Palisade Wall |
| 17:28 | Build | Palisade Wall |
| 17:41 | Build | Palisade Wall |
| 17:45 | Build | Palisade Wall |
| 17:51 | Build | Palisade Wall |
| 17:54 | Build | Palisade Wall |
| 18:01 | Create | Villager (Male) |
| 18:02 | Create | Villager (Male) |
| 18:14 | Build | Barracks |
| 18:30 | Build | Farm |
| 18:31 | Build | Farm |
| 18:32 | Build | Farm |
| 18:33 | Build | Farm |
| 18:34 | Build | Farm |
| 18:35 | Build | Farm |
| 18:36 | Build | Farm |
| 18:37 | Build | Farm |
| 18:39 | Build | Farm |
| 18:57 | Build | Farm |
| 19:01 | Build | Farm |
| 19:24 | Age | Feudal Age |
| 19:26 | Research | Town Watch |
| 19:29 | Research | Double-Bit Axe |
| 19:39 | Research | Horse Collar |
| 20:07 | Create | Villager (Male) |
| 20:07 | Create | Villager (Male) |
| 20:07 | Create | Villager (Male) |
| 20:52 | Create | Villager (Male) |
| 21:11 | Build | Market |
| 21:19 | Create | Villager (Male) |
| 21:27 | Build | Stable |
| 21:56 | Create | Villager (Male) |
| 22:19 | Build | Archery Range |
| 22:34 | Build | Farm |
| 22:41 | Build | Farm |
| 22:46 | Create | Villager (Male) |
| 22:59 | Build | Blacksmith |
| 23:07 | Build | House |
| 23:07 | Build | House |
| 23:08 | Build | House |
| 23:21 | Build | Farm |
| 23:28 | Build | Farm |
| 23:29 | Build | Farm |
| 23:31 | Create | Villager (Male) |
| 23:31 | Create | Villager (Male) |
| 23:49 | Build | Gate |
| 23:55 | Build | Stone Wall |
| 23:55 | Build | Stone Wall |
| 23:59 | Build | Stone Wall |
| 24:00 | Build | Stone Wall |
| 24:03 | Build | Stone Wall |
| 24:08 | Build | Stone Wall |
| 24:10 | Build | Stone Wall |
| 24:19 | Build | Stone Wall |
| 24:22 | Build | Stone Wall |
| 24:25 | Build | Stone Wall |
| 24:26 | Build | Stone Wall |
| 24:32 | Build | House |
| 24:39 | Research | Castle Age |
| 24:44 | Build | Mining Camp |
| 25:14 | Create | Scout Cavalry |
| 25:17 | Create | Archer ×5 |
| 25:18 | Create | Archer ×5 |
| 25:18 | Create | Archer ×5 |
| 25:24 | Research | Padded Archer Armor |
| 26:06 | Build | Archery Range |
| 26:12 | Build | Archery Range |
| 26:20 | Research | Forging |
| 26:20 | Research | Fletching |
| 26:44 | Research | Gold Mining |
| 26:53 | Create | Archer |
| 27:19 | Age | Castle Age |
| 27:25 | Build | Stone Wall |
| 27:26 | Build | Stone Wall |
| 27:35 | Create | Villager (Male) |
| 27:35 | Create | Villager (Male) |
| 27:38 | Research | Heavy Plow |
| 28:16 | Build | Stone Wall |
| 28:47 | Create | Villager (Male) |
| 28:48 | Create | Villager (Male) |
| 28:48 | Create | Villager (Male) |
| 28:48 | Create | Villager (Male) |
| 29:05 | Build | Siege Workshop |
| 29:30 | Research | Bow Saw |
| 29:42 | Build | Town Center |
| 29:58 | Research | Crossbowman (upgrade) |
| 29:58 | Create | Archer ×5 |
| 29:58 | Create | Archer ×5 |
| 29:59 | Create | Archer ×5 |
| 29:59 | Create | Archer ×5 |
| 30:07 | Create | Villager (Male) |
| 30:26 | Build | Lumber Camp |
| 30:29 | Create | Villager (Male) |
| 30:36 | Research | Stone Mining |
| 30:51 | Build | Gate |
| 30:59 | Build | Gate |
| 31:11 | Build | Lumber Camp |
| 31:21 | Build | Lumber Camp |
| 31:23 | Create | Villager (Male) |
| 31:24 | Create | Villager (Male) |
| 31:24 | Create | Villager (Male) |
| 31:32 | Create | Villager (Male) |
| 31:32 | Create | Villager (Male) |
| 31:36 | Create | Villager (Male) |
| 32:15 | Build | Stable |
| 32:18 | Create | Villager (Male) |
| 32:32 | Research | Wheelbarrow |
Build order — dnz
82 actions detected in the replay
| 1:22 | Build | Town Center |
| 4:48 | Create | Villager (Male) |
| 4:48 | Create | Villager (Male) |
| 4:48 | Create | Villager (Male) |
| 4:49 | Create | Villager (Male) |
| 4:49 | Create | Villager (Male) |
| 7:16 | Create | Villager (Male) |
| 7:16 | Create | Villager (Male) |
| 7:17 | Create | Villager (Male) |
| 7:51 | Create | Villager (Male) |
| 8:20 | Create | Villager (Male) |
| 8:21 | Create | Villager (Male) |
| 10:37 | Create | Villager (Male) |
| 10:37 | Create | Villager (Male) |
| 10:38 | Create | Villager (Male) |
| 10:38 | Create | Villager (Male) |
| 10:38 | Create | Villager (Male) |
| 10:39 | Create | Villager (Male) |
| 12:16 | Create | Villager (Male) |
| 13:45 | Create | Villager (Male) |
| 13:45 | Create | Villager (Male) |
| 13:46 | Create | Villager (Male) |
| 13:46 | Create | Villager (Male) |
| 13:46 | Create | Villager (Male) |
| 13:47 | Create | Villager (Male) |
| 13:47 | Create | Villager (Male) |
| 16:20 | Create | Villager (Male) |
| 16:21 | Create | Villager (Male) |
| 17:21 | Create | Villager (Male) |
| 17:21 | Create | Villager (Male) |
| 17:22 | Create | Villager (Male) |
| 17:22 | Create | Villager (Male) |
| 17:22 | Create | Villager (Male) |
| 17:59 | Build | Mill |
| 18:43 | Build | Lumber Camp |
| 19:26 | Build | Farm |
| 19:33 | Build | Farm |
| 19:41 | Build | Farm |
| 19:47 | Build | Farm |
| 19:55 | Build | Farm |
| 20:08 | Build | Farm |
| 20:17 | Build | Farm |
| 20:26 | Build | Farm |
| 20:33 | Build | Farm |
| 20:41 | Build | Farm |
| 20:48 | Build | Farm |
| 20:54 | Build | Farm |
| 21:06 | Create | Villager (Male) |
| 21:07 | Create | Villager (Male) |
| 21:07 | Create | Villager (Male) |
| 21:07 | Create | Villager (Male) |
| 21:08 | Create | Villager (Male) |
| 21:08 | Create | Villager (Male) |
| 21:24 | Build | Mining Camp |
| 21:52 | Create | Villager (Male) |
| 21:52 | Create | Villager (Male) |
| 21:53 | Create | Villager (Male) |
| 22:19 | Create | Villager (Male) |
| 22:19 | Create | Villager (Male) |
| 22:19 | Create | Villager (Male) |
| 22:36 | Build | Farm |
| 22:54 | Build | Farm |
| 23:27 | Build | Farm |
| 24:09 | Build | Farm |
| 24:17 | Build | Farm |
| 24:21 | Research | Feudal Age |
| 26:27 | Create | Villager (Male) |
| 26:28 | Create | Villager (Male) |
| 26:28 | Create | Villager (Male) |
| 26:28 | Create | Villager (Male) |
| 26:29 | Create | Villager (Male) |
| 26:29 | Create | Villager (Male) |
| 26:29 | Create | Villager (Male) |
| 26:30 | Create | Villager (Male) |
| 26:30 | Create | Villager (Male) |
| 26:30 | Create | Villager (Male) |
| 26:31 | Create | Villager (Male) |
| 26:31 | Create | Villager (Male) |
| 26:48 | Build | Farm |
| 27:01 | Build | Farm |
| 27:08 | Build | Farm |
| 27:52 | Age | Feudal Age |
Build order — píno
71 actions detected in the replay
| 0:36 | Build | Town Center |
| 2:08 | Build | House |
| 3:11 | Create | Villager (Male) |
| 3:11 | Create | Villager (Male) |
| 3:11 | Create | Villager (Male) |
| 3:11 | Create | Villager (Male) |
| 3:44 | Research | Loom |
| 3:53 | Build | House |
| 3:54 | Build | House |
| 3:55 | Build | House |
| 4:37 | Build | Lumber Camp |
| 5:26 | Create | Villager (Male) |
| 6:11 | Create | Villager (Male) |
| 6:11 | Create | Villager (Male) |
| 6:49 | Build | Mill |
| 7:15 | Create | Villager (Male) |
| 8:29 | Create | Villager (Male) |
| 9:10 | Create | Villager (Male) |
| 9:26 | Create | Villager (Male) |
| 9:48 | Create | Villager (Male) |
| 10:03 | Build | House |
| 10:04 | Build | House |
| 10:16 | Create | Villager (Male) |
| 10:22 | Create | Villager (Male) |
| 10:22 | Create | Villager (Male) |
| 10:57 | Build | Farm |
| 10:58 | Build | Farm |
| 10:59 | Build | Farm |
| 11:00 | Build | Farm |
| 11:14 | Build | House |
| 11:26 | Create | Villager (Male) |
| 11:41 | Build | House |
| 11:42 | Build | House |
| 12:09 | Create | Villager (Male) |
| 12:09 | Create | Villager (Male) |
| 12:10 | Create | Villager (Male) |
| 12:10 | Create | Villager (Male) |
| 12:16 | Build | House |
| 12:17 | Build | House |
| 12:18 | Build | House |
| 12:39 | Build | Farm |
| 12:54 | Create | Villager (Male) |
| 13:04 | Build | Farm |
| 13:20 | Build | House |
| 13:30 | Build | Farm |
| 13:56 | Build | Farm |
| 14:01 | Create | Villager (Male) |
| 14:02 | Create | Villager (Male) |
| 14:08 | Build | Barracks |
| 14:20 | Build | Farm |
| 14:50 | Build | Farm |
| 15:11 | Build | Farm |
| 15:38 | Build | Barracks |
| 15:56 | Build | Farm |
| 16:36 | Research | Feudal Age |
| 16:42 | Build | House |
| 17:02 | Create | Militia |
| 17:08 | Build | House |
| 17:26 | Build | Farm |
| 17:30 | Create | Militia |
| 17:30 | Create | Militia |
| 17:40 | Create | Villager (Male) |
| 17:40 | Create | Villager (Male) |
| 17:40 | Create | Villager (Male) |
| 18:46 | Age | Feudal Age |
| 19:00 | Create | Villager (Male) |
| 19:00 | Create | Villager (Male) |
| 19:00 | Create | Villager (Male) |
| 19:28 | Build | Market |
| 19:34 | Build | Blacksmith |
| 19:50 | Build | Watch Tower |
Build order — m_brun
134 actions detected in the replay
| 0:25 | Build | Town Center |
| 0:42 | Build | House |
| 2:59 | Create | Villager (Male) |
| 2:59 | Create | Villager (Male) |
| 3:00 | Create | Villager (Male) |
| 3:00 | Create | Villager (Male) |
| 5:21 | Create | Villager (Male) |
| 5:47 | Create | Villager (Male) |
| 5:57 | Create | Villager (Male) |
| 5:57 | Create | Villager (Male) |
| 6:37 | Create | Villager (Male) |
| 6:50 | Build | House |
| 7:18 | Create | Villager (Male) |
| 8:12 | Create | Villager (Male) |
| 8:19 | Build | House |
| 8:22 | Build | House |
| 8:24 | Create | Villager (Male) |
| 8:25 | Create | Villager (Male) |
| 8:25 | Create | Villager (Male) |
| 8:43 | Build | House |
| 8:54 | Create | Villager (Male) |
| 8:54 | Create | Villager (Male) |
| 8:55 | Create | Villager (Male) |
| 9:11 | Build | Palisade Wall |
| 9:12 | Build | Palisade Wall |
| 10:11 | Create | Villager (Male) |
| 10:27 | Build | Mill |
| 11:10 | Create | Villager (Male) |
| 11:26 | Build | House |
| 11:38 | Create | Villager (Male) |
| 12:12 | Build | House |
| 12:21 | Create | Villager (Male) |
| 12:33 | Build | Lumber Camp |
| 12:40 | Create | Villager (Male) |
| 13:09 | Create | Villager (Male) |
| 13:24 | Create | Villager (Male) |
| 13:45 | Build | Mining Camp |
| 13:47 | Research | Feudal Age |
| 13:47 | Research | Loom |
| 13:48 | Create | Villager (Male) |
| 14:49 | Build | House |
| 15:34 | Build | Mill |
| 15:46 | Build | Palisade Wall |
| 15:53 | Build | Farm |
| 15:55 | Build | Farm |
| 15:59 | Build | Farm |
| 16:01 | Build | Farm |
| 16:03 | Create | Villager (Male) |
| 16:05 | Build | Farm |
| 16:09 | Build | Farm |
| 16:13 | Age | Feudal Age |
| 16:31 | Build | Blacksmith |
| 16:43 | Research | Double-Bit Axe |
| 17:13 | Create | Villager (Male) |
| 17:38 | Build | Market |
| 17:45 | Build | House |
| 17:50 | Build | House |
| 17:52 | Create | Villager (Male) |
| 17:56 | Build | Palisade Wall |
| 18:08 | Create | Villager (Male) |
| 18:21 | Build | Farm |
| 18:23 | Build | Farm |
| 18:27 | Build | Farm |
| 18:33 | Create | Villager (Male) |
| 18:48 | Build | Palisade Wall |
| 18:58 | Create | Villager (Male) |
| 19:27 | Build | Barracks |
| 19:31 | Research | Castle Age |
| 19:33 | Research | Horse Collar |
| 19:48 | Build | Lumber Camp |
| 20:29 | Build | Stable |
| 20:55 | Create | Villager (Male) |
| 20:58 | Build | Farm |
| 21:01 | Build | Farm |
| 21:09 | Build | Stable |
| 21:15 | Create | Villager (Male) |
| 21:30 | Research | Bloodlines |
| 21:38 | Build | Farm |
| 22:13 | Age | Castle Age |
| 22:17 | Create | Villager (Male) |
| 22:17 | Create | Villager (Male) |
| 22:22 | Create | Steppe Lancer |
| 22:39 | Build | Stable |
| 22:43 | Build | Palisade Wall |
| 22:50 | Create | Steppe Lancer |
| 22:50 | Create | Steppe Lancer |
| 23:08 | Create | Steppe Lancer |
| 23:09 | Create | Steppe Lancer |
| 23:16 | Build | Mill |
| 23:17 | Build | Farm |
| 23:17 | Build | Farm |
| 23:17 | Build | Farm |
| 23:17 | Build | Farm |
| 23:18 | Build | Farm |
| 23:18 | Build | Farm |
| 23:18 | Build | Farm |
| 23:34 | Build | Farm |
| 23:35 | Create | Villager (Male) |
| 23:41 | Build | House |
| 23:43 | Build | House |
| 23:44 | Build | House |
| 23:45 | Build | House |
| 23:50 | Create | Steppe Lancer |
| 23:50 | Create | Steppe Lancer |
| 24:05 | Create | Steppe Lancer |
| 24:13 | Build | Farm |
| 24:30 | Create | Villager (Male) |
| 24:30 | Create | Villager (Male) |
| 24:33 | Build | Farm |
| 24:43 | Create | Villager (Male) |
| 25:01 | Create | Steppe Lancer |
| 25:03 | Create | Steppe Lancer |
| 25:11 | Create | Steppe Lancer |
| 25:22 | Build | Farm |
| 25:24 | Build | Farm |
| 25:26 | Build | Farm |
| 25:29 | Build | Farm |
| 25:35 | Build | Farm |
| 25:38 | Create | Steppe Lancer |
| 25:45 | Create | Steppe Lancer |
| 25:48 | Research | Scale Barding Armor |
| 25:52 | Create | Villager (Male) |
| 26:16 | Create | Villager (Male) |
| 26:18 | Research | Bow Saw |
| 26:32 | Create | Villager (Male) |
| 26:43 | Research | Heavy Plow |
| 26:47 | Build | Lumber Camp |
| 26:56 | Create | Villager (Male) |
| 27:16 | Create | Villager (Male) |
| 27:17 | Create | Villager (Male) |
| 27:17 | Create | Villager (Male) |
| 27:17 | Create | Villager (Male) |
| 27:54 | Research | Chain Barding Armor |
| 28:02 | Build | Town Center |
Match timeline
| 7:00 | Hélios · wall_segment Palisade Wall x7 |
| 9:11 | m_brun · wall_segment Palisade Wall x2 |
| 9:12 | m_brun · wall_segment Palisade Wall x1 |
| 14:08 | píno · first_building Barracks |
| 14:17 | rital · first_building Barracks |
| 15:01 | pouny55 · age_up feudal |
| 15:16 | motoGP · age_up feudal |
| 15:29 | rital · age_up feudal |
| 15:46 | m_brun · wall_segment Palisade Wall x7 |
| 16:10 | beulé · first_building Barracks |
| 16:13 | m_brun · age_up feudal |
| 16:48 | beulé · age_up feudal |
| 17:19 | Hélios · wall_segment Palisade Wall x9 |
| 17:22 | Hélios · wall_segment Palisade Wall x10 |
| 17:24 | Hélios · wall_segment Palisade Wall x1 |
| 17:28 | Hélios · wall_segment Palisade Wall x22 |
| 17:30 | pouny55 · first_market_buy 100 food |
| 17:35 | motoGP · first_building Stable |
| 17:41 | Hélios · wall_segment Palisade Wall x6 |
| 17:45 | pouny55 · first_building Barracks |
| 17:45 | Hélios · wall_segment Palisade Wall x9 |
| 17:51 | Hélios · wall_segment Palisade Wall x6 |
| 17:54 | Hélios · wall_segment Palisade Wall x6 |
| 17:56 | m_brun · wall_segment Palisade Wall x1 |
| 18:14 | Hélios · first_building Barracks |
| 18:25 | rital · wall_segment Palisade Wall x1 |
| 18:25 | rital · wall_segment Palisade Wall x1 |
| 18:46 | píno · age_up feudal |
| 18:48 | m_brun · wall_segment Palisade Wall x6 |
| 19:24 | Hélios · age_up feudal |
| 19:27 | m_brun · first_building Barracks |
| 19:53 | pouny55 · first_building Stable |
| 20:12 | pouny55 · age_up castle |
| 20:29 | m_brun · first_building Stable |
| 20:34 | píno · resign |
| 21:27 | Hélios · first_building Stable |
| 21:53 | pouny55 · first_building Castle |
| 22:13 | m_brun · age_up castle |
| 22:19 | Hélios · first_building Archery Range |
| 22:40 | rital · age_up castle |
| 22:43 | m_brun · wall_segment Palisade Wall x1 |
| 23:39 | pouny55 · first_building Siege Workshop |
| 23:55 | Hélios · wall_segment Stone Wall x2 |
| 23:55 | Hélios · wall_segment Stone Wall x1 |
| 23:59 | Hélios · wall_segment Stone Wall x4 |
| 24:00 | Hélios · wall_segment Stone Wall x4 |
| 24:03 | Hélios · wall_segment Stone Wall x9 |
| 24:05 | rital · first_building Siege Workshop |
| 24:08 | Hélios · wall_segment Stone Wall x2 |
| 24:10 | Hélios · wall_segment Stone Wall x5 |
| 24:19 | Hélios · wall_segment Stone Wall x6 |
| 24:22 | Hélios · wall_segment Stone Wall x16 |
| 24:25 | Hélios · wall_segment Stone Wall x12 |
| 24:26 | Hélios · wall_segment Stone Wall x6 |
| 25:24 | rital · first_building Castle |
| 27:19 | Hélios · age_up castle |
| 27:25 | Hélios · wall_segment Stone Wall x7 |
| 27:26 | Hélios · wall_segment Stone Wall x8 |
| 27:52 | dnz · age_up feudal |
| 28:16 | Hélios · wall_segment Stone Wall x9 |
| 29:05 | Hélios · first_building Siege Workshop |
| 30:20 | beulé · age_up castle |
| 31:56 | beulé · first_building Castle |
| 33:58 | rital · first_market_sell 100 stone |
| 34:05 | rital · first_market_buy 100 food |
| 35:26 | pouny55 · age_up imperial |
| 35:38 | beulé · first_market_sell 500 food |
| 37:42 | rital · age_up imperial |
| 37:53 | rital · first_building Stable |
| 38:10 | Hélios · first_building Castle |
| 38:52 | beulé · age_up imperial |
| 38:54 | beulé · first_building Stable |
[ AI ANALYSIS · 1 CREDIT ]
What really happened in this match?
Wolo.gg analyzes every decision: build order, eco, micro, common mistakes by bracket. Personalized analysis on WhatsApp or Discord in 30 seconds.
Civ guide
Dravidians
Map guide
Land Nomad
Perfil
rital